 Dungeon Crawl Stone Soup version 0.19-a0-1170-g18f0c96 (webtiles) character file.

1900 JustSomeDude the Shield-Bearer (level 8, 0/62 HPs)
             Began as a Demonspawn Fighter on Aug 17, 2016.
             Was an Initiate of Dithmenos.
             Slain by an orc
             ... wielding a +0 trident
              (5 damage)
             ... on level 7 of the Dungeon.
             The game lasted 00:23:14 (5414 turns).

JustSomeDude the Shield-Bearer (Demonspawn Fighter) Turns: 5414, Time: 00:23:15

Health: 0/62       AC:  8    Str: 23    XL:     8   Next: 93%
Magic:  8/8        EV: 12    Int: 12    God:    Dithmenos [......]
Gold:   335        SH: 10    Dex: 14    Spells: 0 memorised, 7 levels left

rFire  . . .     SeeInvis .     z - +0 dagger (venom)
rCold  . . .     Gourm    .     E - +0 troll leather armour {Purgy}
rNeg   . . .     Faith    .     c - +0 shield
rPois  .         Spirit   .     (helmet restricted)
rElec  .         Dismiss  .     j - -1 cloak
rCorr  .         Reflect  .     l - +0 pair of gloves
MR     .....     Harm     .     (no boots)
Stlth  +++++.....               v - amulet of magic regeneration
                                K - ring of stealth
                                F - +3 ring of intelligence

@: mighty
A: horns 1, yellow scales 1, nightstalker 2
a: Renounce Religion


You were on level 7 of the Dungeon.
You worshipped Dithmenos.
Dithmenos was noncommittal.
You were not hungry.

You visited 2 branches of the dungeon, and saw 8 of its levels.
You also visited: Sewer.

You collected 335 gold pieces.

Inventory:

Hand Weapons
 a - a +0 trident
 z - a +0 dagger of venom (weapon)
 C - a +0 blowgun
Missiles
 D - 32 poisoned needles
Armour
 c - a +0 shield (worn)
 j - a -1 cloak (worn)
 l - a +0 pair of gloves (worn)
 y - the +1 robe of Jeinnoucsu {+Fly Slay+2 SInv}
   (You found it on level 4 of the Dungeon)

   It affects your accuracy and damage with ranged weapons and melee attacks
   (+2).
   It lets you see invisible.
   It lets you fly.
 E - a +0 troll leather armour (worn) {Purgy}
Jewellery
 v - an amulet of magic regeneration (around neck)
 F - a +3 ring of intelligence (left hand)
 K - a ring of stealth (right hand)
Wands
 b - a wand of digging (2/24)
Scrolls
 e - 7 scrolls of remove curse
 i - 5 scrolls of identify
 k - 4 scrolls of teleportation
 A - 2 scrolls of noise {unknown}
 G - 2 scrolls of fear {unknown}
 H - 2 scrolls of random uselessness {unknown}
 L - a scroll of magic mapping
Potions
 d - a potion of might
 g - a potion of brilliance {unknown}
 h - a potion of flight {unknown}
 n - a potion of resistance {unknown}
 o - a potion of haste {unknown}
 p - 2 potions of cancellation {unknown}
 q - a potion of lignification {unknown}
 r - 2 potions of degeneration {unknown}
 s - a potion of invisibility
 t - 2 potions of curing {unknown}
 w - a potion of magic {unknown}
 B - 2 potions of heal wounds {unknown}
 I - a potion of mutation {unknown}
 J - a potion of agility {unknown}
Comestibles
 f - 5 bread rations
 m - 2 meat rations
 x - a slice of pizza


   Skills:
 + Level 5.0 Fighting
 * Level 2.8 Short Blades
 + Level 3.1 Polearms
 + Level 4.8 Armour
 + Level 5.0 Dodging
 + Level 4.4 Stealth
 + Level 5.1 Shields


You had 7 spell levels left.
You didn't know any spells.

Dungeon Overview and Level Annotations

Branches:
Dungeon (7/15)             Temple (1/1) D:4

Altars:
Ashenzari
Dithmenos
Elyvilon
Fedhas
Gozag
Hepliaklqana
Kikubaaqudgha
Makhleb
Okawaru
Pakellas
Qazlal
Ru
Sif Muna
Trog
Uskayaw
Vehumet
Xom
Yredelemnul
Zin
The Shining One

Annotations:
D:5 poirepourri's ghost, novice GrEE


Innate Abilities, Weirdness & Mutations

You have a pair of small horns on your head.
You are partially covered in yellow scales. (AC +2)
You are significantly more attuned to the shadows.


Message History

You block the warg's attack.
You hit the warg.
The warg is heavily wounded.
The warg bites you.
* * * LOW HITPOINT WARNING * * *
The warg bites you but does no damage.
The warg stops to sniff the ground.
The warg bites you!
* * * LOW HITPOINT WARNING * * *
You feel very mighty all of a sudden.
You completely miss the warg.
The warg is severely wounded.
The warg bites you!
* * * LOW HITPOINT WARNING * * *
The warg misses you.
You hit the warg. Your headbutt misses the warg.
The warg is almost dead.
The warg barely misses you. x2
The orc hits you from afar with a trident.
You die...

##.#.......
#.........
#.#.......
#.#.......
#.##......
#.##.####.
#.##.####..
#####.##.(.....
#h@.........#.#
#h####.####....
#o##.....# ....
#.#.......# ...
#.#.......#....
#....._.....
#.#.......#..#
#.#.......#..##..
#.##.....##.......


You could see 2 wargs and an orc.

Vanquished Creatures
  Sigmund (D:3)
  An ice beast (D:7)
  An orc warrior (D:6)
  Purgy (Sewer)
  3 centaurs
  A necrophage (D:5)
  An ogre (D:6)
  2 giant frogs (D:6)
  A scorpion (D:4)
  3 wights (D:6)
  A howler monkey (D:6)
  A crimson imp (D:5)
  A quasit (D:6)
  A giant frog zombie (D:5)
  2 jellies
  A gnoll shaman (D:4)
  An orc wizard (D:6)
  4 iguanas
  Terence (D:2)
  2 worker ants (D:4)
  Robin (D:3)
  9 gnolls
  7 adders
  A shadow imp (D:6)
  3 oozes
  2 adder skeletons
  A worm (D:4)
  3 dart slugs
  3 giant geckos
  4 orcs
  11 giant cockroaches
  12 goblins
  12 hobgoblins
  16 jackals
  16 kobolds
  4 quokkas
  13 bats
  7 giant newts
  7 rats
  A plant (D:7)
163 creatures vanquished.

Vanquished Creatures (others)
  A giant frog (D:6)
1 creature vanquished.

Grand Total: 164 creatures vanquished

Notes
Turn   | Place    | Note
-------+----------+-------------------------------------------
     0 | D:1      | JustSomeDude the Demonspawn Fighter began the quest for the Orb.
     0 | D:1      | Reached XP level 1. HP: 18/18 MP: 1/1
     2 | D:1      | Noticed an elf
     4 | D:1      | Noticed a troll
     4 | D:1      | Noticed a demonspawn
     6 | D:1      | Noticed a formicid
     6 | D:1      | Noticed a tengu
     8 | D:1      | Noticed a human
     8 | D:1      | Noticed a ghoul
    10 | D:1      | Noticed a draconian
    10 | D:1      | Noticed a minotaur
    12 | D:1      | Noticed a gargoyle
    12 | D:1      | Noticed a merfolk
    14 | D:1      | Noticed a naga
    14 | D:1      | Noticed an ogre
    16 | D:1      | Noticed a dwarf
    16 | D:1      | Noticed a vine stalker
    18 | D:1      | Noticed a spriggan
    18 | D:1      | Noticed an octopode
    20 | D:1      | Noticed a vampire
    22 | D:1      | Noticed a demigod
    24 | D:1      | Noticed a felid
    24 | D:1      | Noticed a centaur
    26 | D:1      | Noticed a halfling
   120 | D:1      | Gained mutation: You are slightly more attuned to the shadows. [demonic ancestry]
   120 | D:1      | Reached XP level 2. HP: 23/24 MP: 2/2
   579 | D:1      | Reached XP level 3. HP: 29/29 MP: 3/3
  1139 | D:2      | Noticed Terence
  1152 | D:2      | Killed Terence
  1173 | D:2      | Reached skill level 1 in Dodging
  1218 | D:2      | Gained mutation: You have a pair of small horns on your head. [demonic ancestry]
  1218 | D:2      | Reached XP level 4. HP: 31/35 MP: 4/4
  1925 | D:2      | Reached XP level 5. HP: 34/42 MP: 5/5
  2185 | D:3      | Found a blossoming altar of Fedhas.
  2258 | D:3      | Noticed Sigmund
  2268 | D:3      | Killed Sigmund
  2268 | D:3      | Gained mutation: You are significantly more attuned to the shadows. [demonic ancestry]
  2268 | D:3      | Reached XP level 6. HP: 17/48 MP: 6/6
  2313 | D:3      | Found an iron altar of Okawaru.
  2429 | D:3      | Found a glowing drain.
  2442 | Sewer    | Entered a sewer
  2483 | Sewer    | Noticed Purgy
  2496 | Sewer    | Killed Purgy
  2743 | D:3      | Noticed Robin
  2759 | D:3      | Reached skill level 1 in Stealth
  2797 | D:3      | Killed Robin
  2834 | D:3      | Reached XP level 7. HP: 55/55 MP: 7/7
  3043 | D:4      | Got a colourful robe
  3054 | D:4      | Identified the +1 robe of Jeinnoucsu {+Fly Slay+2 SInv} (You found it on level 4 of the Dungeon)
  3151 | D:4      | Found a staircase to the Ecumenical Temple.
  3175 | Temple   | Entered the Ecumenical Temple
  3416 | D:4      | Found a basalt altar of Yredelemnul.
  3482 | D:4      | Reached skill level 1 in Short Blades
  3618 | D:4      | Found a shattered altar of Ashenzari.
  3909 | D:5      | Entered Level 5 of the Dungeon
  4006 | D:5      | Noticed poirepourri's ghost (novice GrEE)
  4156 | D:5      | Gained mutation: You are partially covered in yellow scales. (AC +2) [demonic ancestry]
  4156 | D:5      | Reached XP level 8. HP: 60/61 MP: 8/8
  4611 | D:6      | Found an ancient bone altar of Kikubaaqudgha.
  4611 | D:6      | Found a sacrificial altar of Ru.
  4705 | D:6      | Found a shadowy altar of Dithmenos.
  4711 | D:6      | Became a worshipper of Dithmenos the Shadowed
  4808 | D:6      | Reached skill level 5 in Shields
  5089 | D:6      | Found a stormy altar of Qazlal.
  5165 | D:6      | Reached skill level 5 in Fighting
  5242 | D:7      | Reached skill level 5 in Dodging
  5278 | D:7      | Found a deep blue altar of Sif Muna.
  5414 | D:7      | Slain by an orc

Vault maps used:
D:1:      kb_arrival_jail, st_stairs_1
D:2:      minmay_diamond_boxcup, first_bread, uniq_terence
D:3:      overflow_temple_1_default, overflow_temple_1_default,
          portal_sewer_entry_d, uniq_robin, uniq_sigmund
D:4:      yredelemnul_altar_generic, nicolae_ashenzari_panopticon
D:5:      minmay_door_square
D:6:      nicolae_qazlal_general_emergency, nicolae_overflow_hidden_temple,
          nicolae_dithmenos_shadow_blocks
D:7:      lemuel_castle_with_subvaults, old_standard_altar, uniq_menkaure,
          uniq_duvessa
Temple:   minmay_temple_curvy_loop
Sewer:    kennysheep_door_sewer

Skill      XL: |  1  2  3  4  5  6  7  8 |
---------------+-------------------------+-----
Armour         | 3 4 |  4.8
Polearms       | 2 3 |  3.1
Shields        | 3 4 5 |  5.1
Dodging        | 1 2 3 5 |  5.0
Fighting       | 4 5 |  5.0
Stealth        | 1 3 4 |  4.4
Short Blades   | 1 2 |  2.8

Action                   |  1- 3 |  4- 6 |  7- 9 || total
-------------------------+-------+-------+-------++-------
Melee: Trident           |   123 |   155 |       ||   278
       Headbutt          |       |    34 |    78 ||   112
       Dagger            |       |    81 |   286 ||   367
  Use: Potion            |       |     2 |     2 ||     4
       Scroll            |       |     6 |     1 ||     7
 Stab: Invisible         |       |     2 |       ||     2
       Sleeping          |       |     7 |    23 ||    30
       Distracted        |       |       |     2 ||     2
  Eat: Chunk             |       |     7 |     5 ||    12
       Royal jelly       |       |       |     1 ||     1
       Beef jerky        |       |       |     1 ||     1
Armor: Scale mail        |    57 |   117 |       ||   174
       Troll leather arm |       |    12 |    71 ||    83
       Robe              |       |       |     1 ||     1
Dodge: Dodged            |    19 |    87 |   110 ||   216
Block: Shield            |    46 |   132 |   105 ||   283
